 Dungeon Sprint DCSS version 0.18.1-48-g4cf74bf (webtiles) character file.

74 Joat the Covered (level 4, -7/37 HPs)
             Began as a Demonspawn Wanderer on Aug 18, 2016.
             Mangled by a red devil
             ... wielding a +0 trident
             ... summoned by a deep elf mage
              (14 damage)
             ... in the Dungeon (Sprint III: "The Ten Rune Challenge").
             The game lasted 00:04:11 (455 turns).

Joat the Covered (Demonspawn Wanderer)               Turns: 455, Time: 00:04:11

Health: -7/37      AC:  9    Str: 14    XL:     4   Next: 10%
Magic:  4/4        EV:  6    Int: 10    God:
Gold:   18         SH:  0    Dex: 13    Spells: 0 memorised, 3 levels left

rFire  . . .     SeeInvis .     b - +0 mace
rCold  . . .     Gourm    .     k - +0 chain mail
rNeg   . . .     Faith    .     (no shield)
rPois  .         Spirit   .     (helmet restricted)
rElec  .         Dismiss  .     (no cloak)
rCorr  .         Reflect  .     (no gloves)
SustAt .         Harm     .     (no boots)
MR     .....     NoTele   +     (no amulet)
Stlth  ..........               (no ring)
                                (no ring)

@: not resistant to hostile enchantments, extremely unstealthy
A: horns 1, demonic guardian 1, dopey 1, high mp 1
a: no special abilities


You were in the Dungeon.
You were not hungry.

You visited 1 branch You collected 18 gold pieces.

Inventory:

Hand Weapons
 b - a +0 mace (weapon)
Armour
 a - a +2 scale mail
 k - a +0 chain mail (worn)
Scrolls
 i - a scroll of blinking
 m - a scroll of holy word {unknown}
 n - a scroll of fog {unknown}
 o - a scroll of fear {unknown}
 r - 2 scrolls of immolation {unknown}
 s - 2 scrolls of identify
 t - 3 scrolls of recharging {unknown}
Potions
 c - a potion of curing
 e - a potion of mutation
 f - 2 potions of haste
 g - 2 potions of magic
 j - a potion of resistance {unknown}
 q - 4 potions of flight
Comestibles
 d - a bread ration
 p - 2 meat rations


   Skills:
 + Level 4.3 Fighting
   Level 1.7(3.6) Axes
 * Level 5.0(5.2) Maces & Flails
 - Level 1.0 Throwing
 + Level 5.1 Armour
 - Level 1.0 Stealth


You had 3 spell levels left.
You didn't know any spells.

Dungeon Overview and Level Annotations

Branches:
Dungeon (1/1)

Altars:
Elyvilon
Zin
The Shining One


Innate Abilities, Weirdness & Mutations

A weak demonic guardian rushes to your aid.
You have a pair of small horns on your head.
You are dopey. (Int -2)
You have an increased reservoir of magic (+10% MP).


Message History

The deep elf mage mumbles some strange words.
Your chain mail prevents you from hitting the deep elf mage.
The deep elf mage is moderately wounded.
The deep elf mage hits you with a long sword of holy wrath.
You convulse.
* * * LOW HITPOINT WARNING * * *
The red devil barely misses you.
Your crimson imp hits the deep elf mage.
Drink which item? (? for menu, Esc to quit)
It was a potion of mutation.
You feel extremely strange. A pair of horns grows on your head!
You feel more energetic.
You feel stupid.
The deep elf mage drinks a potion.
The deep elf mage is healed!
Your crimson imp misses the deep elf mage.
The red devil hits you from afar with a trident!
* * * LOW HITPOINT WARNING * * *
Drink which item? (? for menu, Esc to quit)
You feel better. The deep elf mage barely misses you.
Your crimson imp hits the deep elf mage.
The red devil hits you from afar with a trident!
You die...

▓▓▓▓ ▓▓▓ ...#### ##.#####
......#####..#_5_#
.......#..#..#4e.#
#.##...#..#..###@#+###+##
#.###..##'#..#.5........#
##.##..###...'.⌠........#
..##..####...#...######+#
..##..###....#.⌠.#
.##...##.....#...#
##....#......#+###
##..##.#.....#
#..#####....#


You could see a deep elf mage, a red devil and 2 friendly crimson imps.

Vanquished Creatures
  A human (D)
  An ooze (D)
  A phantom (D)
  3 rats (D)
6 creatures vanquished.

Vanquished Creatures (collateral kills)
  A water elemental (D)
1 creature vanquished.

Vanquished Creatures (others)
  2 draconian scorchers (D)
  A yaktaur (D)
  2 plants (D)
5 creatures vanquished.

Grand Total: 12 creatures vanquished

Notes
Turn   | Place    | Note
--------------------------------------------------------------
     0 | D        | Joat the Demonspawn Wanderer began the quest for the Orb.
     0 | D        | Joat set off with: a +2 scale mail, a +0 mace, 2 potions of curing, a bread ration, a potion of heal wounds, a potion of haste, 2 potions of magic, a potion of berserk rage, a scroll of blinking
     0 | D        | Reached XP level 1. HP: 16/16 MP: 1/1
    78 | D        | Gained mutation: A weak demonic guardian rushes to your aid. [demonic ancestry]
    78 | D        | Reached XP level 2. HP: 21/23 MP: 2/2
    92 | D        | Killed a yaktaur
    92 | D        | HP: 1/23 [human (4)]
   122 | D        | Killed a white draconian scorcher
   124 | D        | Killed a white draconian scorcher
   333 | D        | Noticed a water elemental
   338 | D        | Killed a water elemental
   338 | D        | Reached skill level 5 in Maces & Flails
   338 | D        | Reached skill level 5 in Armour
   338 | D        | Reached XP level 3. HP: 18/30 MP: 3/3
   338 | D        | Reached XP level 4. HP: 22/37 MP: 4/4
   447 | D        | Found a glowing silver altar of Zin.
   447 | D        | Found a glowing golden altar of the Shining One.
   447 | D        | Found a white marble altar of Elyvilon.
   448 | D        | Noticed a deep elf mage
   453 | D        | Noticed a red devil
   454 | D        | Gained mutation: You have a pair of small horns on your head. [potion of mutation]
   454 | D        | Gained mutation: You have an increased reservoir of magic (+10% MP). [potion of mutation]
   454 | D        | Gained mutation: You are dopey. (Int -2) [potion of mutation]
   454 | D        | HP: 1/37 [red devil/trident[a deep elf mage] (8)]
   455 | D        | Mangled by a red devil

Skill      XL: |  1  2 |
---------------+-------+-----
Maces & Flails | 2 5 |  5.0
Armour         | 4 5 |  5.1
Fighting       | 4 |  4.3
Axes           | |  1.7
Throwing       | |  1.0
Stealth        | |  1.0

Action                   |  1- 3 |  4- 6 || total
-------------------------+-------+-------++-------
Melee: Mace              |    40 |     5 ||    45
  Use: Potion            |     2 |     2 ||     4
Armor: Scale mail        |     6 |       ||     6
       Chain mail        |    11 |     1 ||    12
Dodge: Dodged            |    14 |     2 ||    16
